cohdb
Replays
Latest Replays
All Replays
Popular Replays
Top Player Replays
Match Explorer
How It Works
Community
CoH3 Stats
Reddit
Sign in to upload your games and track your stats! →
Sign in with Steam
Match 41620257
Unlisted
Match 41620257
Overview
Messages
Build Orders
End
Kettenkrad Recon Vehicle
Construct Infanterie Kompanie
Selects Terror Battlegroup
MG 42 Machine Gun Team
Grenadier Squad
GrW 34 Mortar Team
Construct Panzergrenadier Kompanie
Selects Interrogate
Panzergrenadier Squad
Support Elements
Medical Bunker
Nebelwerfer 42 Rocket Launcher Team
Construct Luftwaffe Kompanie
Selects Machine Gun Camouflage
Selects No Quarter
Jäger Squad
Construct Panzer Kompanie
Stoßtruppen Squad
Panzer IV Medium Tank
Stoßtruppen Squad
Side Skirts
Panzer Officer Quarters
Selects Jericho Trumpet
Pak 40 Anti-tank Gun Team
Medical Station
Pak 40 Anti-tank Gun Team
Selects King Tiger Heavy Tank
Panzer IV Medium Tank
mr_ako
Mattie
hifuj1335
TwistedTootsy
Stormless
Grunka Lunka
0
0
Comments
sign in to comment!
No comments posted yet!